 Dungeon Crawl Stone Soup version 0.31-a0-881-ge136f0c47a (webtiles) character file.

Game seed: 11359635462126204314

172 Darius099 the Chopper (level 5, 0/46 HPs)
             Began as a Minotaur Fighter on Oct 16, 2023.
             Slain by a gnoll
             ... wielding a +0 spear
              (6 damage)
             ... on level 4 of the Dungeon.
             The game lasted 00:11:58 (2053 turns).

Darius099 the Chopper (Minotaur Fighter)            Turns: 2053, Time: 00:11:58

Health: 0/46       AC:  8    Str: 23    XL:     5   Next: 27%
Magic:  4/4        EV:  9    Int:  5    God:
Gold:   149        SH:  4    Dex:  9    Spells: 4/4 levels left

rFire   . . .        a - +0 war axe
rCold   . . .        c - +0 buckler
rNeg    . . .        b - +0 scale mail
rPois   .            s - +0 hat
rElec   .            (no cloak)
rCorr   .            (no gloves)
SInv    .            t - +0 pair of boots
Will    +....        (no amulet) Stlth
                     i - ring of flight
HPRegen 0.27/turn    q - ring of willpower
MPRegen 0.09/turn

%: no passive effects
@: flying
A: horns 2, retaliatory headbutt
a: no special abilities


You were on level 4 of the Dungeon.
You visited 1 branch of the dungeon, and saw 4 of its levels.

You collected 149 gold pieces.

Inventory:

Hand Weapons
 a - a +0 war axe (weapon)
Armour
 b - a +0 scale mail (worn)
 c - a +0 buckler (worn)
 s - a +0 hat (worn)
 t - a +0 pair of boots (worn)
Jewellery
 i - a ring of flight (left hand)
 q - a ring of willpower (right hand)
Wands
 g - a wand of light (8)
Scrolls
 e - 3 scrolls of identify {unknown}
 f - 3 scrolls of torment {unknown}
 j - a scroll of fog {unknown}
 k - a scroll of revelation {unknown}
 l - a scroll of enchant armour {unknown}
 o - a scroll of amnesia {unknown}
 r - a scroll of teleportation {unknown}
Potions
 d - a potion of might
 h - a potion of heal wounds {unknown}
 m - a potion of cancellation {unknown}
 n - a potion of enlightenment {unknown}
 p - a potion of attraction {unknown}


   Skills:
 - Level 3.7 Fighting
 + Level 6.5 Axes
 - Level 3.7 Armour
 - Level 3.7 Shields


You had 4 spell levels left.
You didn't know any spells.
Your spell library was empty.

Dungeon Overview and Level Annotations

Branches:
Dungeon (4/15)
 Temple: D:4-7

Altars:

Shops:
D:1 =   D:3 !*[:(


Innate Abilities, Weirdness & Mutations

You have a pair of horns on your head.
You reflexively headbutt those who attack you in melee.


Message History

The gnoll hits you with a +0 club.
You rip the net and break free!
The gnoll shouts!
You hear a shout!
The gnoll hits you from afar with a +0 spear.
The gnoll hits you with a +0 club.
* * * LOW HITPOINT WARNING * * *
The gnoll throws a throwing net.
You block the throwing net.
You see here a throwing net.
You completely miss the gnoll. Your headbutt misses the gnoll.
The gnoll barely misses you.
The gnoll hits you but does no damage. x2
You slash the gnoll!
The gnoll is severely wounded.
The gnoll closely misses you. The gnoll hits you but does no damage.
You slash the gnoll!
You kill the gnoll!
The gnoll hits you from afar with a +0 spear.
* * * LOW HITPOINT WARNING * * *
You barely miss the gnoll.
The gnoll hits you from afar with a +0 spear.
* * * LOW HITPOINT WARNING * * *
A gnoll comes into view. It is wielding a +0 club.
The gnoll closely misses you. The gnoll hits you with a +0 flail.
* * * LOW HITPOINT WARNING * * *
A hobgoblin comes into view.
You see here a throwing net.
You closely miss the gnoll.
The hobgoblin shouts!
Your headbutt misses the gnoll. You hit the gnoll.
The gnoll hits you but does no damage. The gnoll barely misses you.
You furiously retaliate!
You headbutt the gnoll! The gnoll barely misses you. You furiously retaliate!
You headbutt the gnoll.
You kill the gnoll!
You block the gnoll's attack.
You barely miss the gnoll. The gnoll hits you but does no damage.
A kobold comes into view. It is wielding a +0 short sword.
The kobold shouts!
You hit the gnoll.
The gnoll is moderately wounded.
The gnoll hits you with a +0 spear.
You die...

############.......#
..........##.......#
######.#............
#.############.. ###
#># .# .. #.# #. #.#
#K###g##)#
#...ggg@.#
#####)#### ... #.##.
# #. #. .. #.


You could see 3 gnolls, a hobgoblin and a kobold.

Vanquished Creatures
  A sleepcap (D:3)
  3 gnolls (D:4)
  5 adders
  A worm (D:2)
  A dart slug (D:4)
  2 orcs
  7 ball pythons
  4 endoplasms
  4 giant cockroaches
  5 goblins
  8 hobgoblins
  3 quokkas
  4 bats
  5 frilled lizards
  9 kobolds
  6 rats
68 creatures vanquished.

Notes
Turn   | Place    | Note
-------+----------+-------------------------------------------
     0 | D:1      | Darius099 the Minotaur Fighter began the quest for the Orb.
     0 | D:1      | Reached XP level 1. HP: 19/19 MP: 0/0
    32 | D:1      | Found Qucirph's One-of-a-Kind Rings.
   166 | D:1      | Reached XP level 2. HP: 24/27 MP: 1/1
   168 | D:1      | Reached skill level 3 in Axes
   529 | D:2      | Reached skill level 4 in Axes
   529 | D:2      | Reached XP level 3. HP: 33/33 MP: 2/2
   945 | D:2      | Reached skill level 5 in Axes
   945 | D:2      | Reached XP level 4. HP: 40/40 MP: 3/3
  1032 | D:3      | Found Jaditsob's Book Shop.
  1417 | D:3      | Found Zesm's Antique Armour Shoppe.
  1429 | D:3      | Noticed a +0 rapier
  1431 | D:3      | Found Coybig's Weapon Shoppe.
  1433 | D:3      | Noticed a +0 triple sword
  1695 | D:3      | Found Igrisk's General Store.
  1735 | D:3      | Found Miomomeu's Distillery.
  1923 | D:4      | Reached skill level 6 in Axes
  1927 | D:4      | Reached XP level 5. HP: 23/46 MP: 4/4
  2053 | D:4      | Slain by a gnoll

Illustrated notes

Levels and vault maps discovered:
D:1:      minmay_arrival_loop, layout_rooms, nicolae_shop_unique_rings
D:2:      layout_loops_ring, dreamdust_mushroom_princess, minmay_circle_x
D:3:      layout_loops_ring, serial_shops, nicolae_shop_mannequins, shop_statue,
          nicolae_shop_just_a_little_nook, nicolae_shop_crystal, shop,
          hellmonk_no_cap
D:4:      layout_loops_corners, amethyst_killhole, minmay_goblin_outpost

Skill      XL: |  1  2  3  4 |
---------------+-------------+-----
Axes           | 4 5 6 |  6.5
Fighting       | |  3.7
Armour         | |  3.7
Shields        | |  3.7

Action                     |  1- 3 |  4- 6 || total
---------------------------+-------+-------++-------
  Melee: War axe           |    99 |    66 ||   165
         Headbutt          |    12 |     6 ||    18
 Armour: Scale mail        |    73 |    50 ||   123
  Dodge: Dodged            |    42 |    37 ||    79
  Block: Buckler           |    29 |    13 ||    42

Table legend: (Time is in decaauts)
 A = Elapsed time spent in this place.
 B = Non-inter-level travel time spent in this place.
 C = Inter-level travel time spent in this place.
 D = Time resting spent in this place.
 E = Time spent auto-exploring this place.
 F = Levels seen in this place.
 G = Mean time per level.
                   A        B        C        D        E       F      G
               +--------+--------+--------+--------+--------+-----+--------+
         Total |   2100 |   2018 |     82 |    147 |   1322 |   4 |  525.0 |
       Dungeon |   2100 |   2018 |     82 |    147 |   1322 |   4 |  525.0 |
               +--------+--------+--------+--------+--------+-----+--------+

Top non-repeatable levels by time:
     D:3: 797 daAuts
     D:2: 539 daAuts
     D:1: 509 daAuts
     D:4: 253 daAuts
